 BcadrenCrawl: Boulder Brew version 0.06-720-g033fe3496d (webtiles) character file.

Game seed: 700926014556077070

140 xeno23 the Sneak (level 5, -3/44 HPs) Spriggan Enchanter. Began on Feb 12, 2023. Splashed by a jelly's acid (9 damage) ... on level 2 of the Dungeon. The game lasted 00:23:49 (1972 turns).

xeno23 the Sneak (Spriggan Enchanter)               Turns: 1972, Time: 00:23:57

Health: -3/44      AC: -2    Str:  5    XL:     5 ^: 179
Magic:  5/11       EV: 19    Int: 16    God:
Gold:   48         SH:  0    Dex: 17    Spells: 3/10 levels left

rFire    . . .     Slash    x   a - +1 dagger
rCold    . . .     Pierce   .   h - +0 short sword
rNeg     . . .     Bludgeon .   g - +0 robe
rCorr    . . .     Vision   +   (helmet restricted)
rPois    .         Gourm    .   (no cloak)
rElec    .         Faith    .   (gloves unavailable)
MR       .....     Spirit   .   (boots unavailable)
HPRegen  0.24/turn Reflect  .   (no amulet)
MPRegen  0.21/turn Harm     .   (no ring)
Stlth    +++.......             (no ring)

@: corroded, very quick
A: very small, unfitting armour, see invisible, herbivore, speed 3, slow
metabolism 2, soft flesh
a: no special abilities


You were on level 2 of the Dungeon.
You were very hungry.

You visited 1 branch of the dungeon, and saw 2 of its levels.

You collected 48 gold pieces.

Inventory:

Weapons
 a - a +1 dagger (weapon)
 b - a +0 hunting sling
 h - a +0 short sword (weapon)
Armour
 g - a +0 robe (worn)
Potions
 c - a potion of cure mutation
 e - 2 potions of lignification
 i - a potion of magic
Comestibles
 d - 4 rations


   Skills:
 + Level 1.0 Fighting
 * Level 2.8 Short Blades
 + Level 4.2 Dodging
 + Level 5.2 Stealth
 + Level 3.3 Spellcasting
 * Level 4.4 Hexes


You had 3 spell levels left.
You knew the following spells:

 Your Spells              Type           Power        Failure   Level  Hunger
a - Confuse Hex 16 (100) 9% 3 66-126 b - Magic Candle Hex/Fire 9 (90) 8% 1 0-6 c - Blinding Spray Hex/Pois       9 (50)       22%         3    66-126

Your spell library contained the following spells:

 Spells                   Type           Power        Failure   Level  Hunger
 Tukima's Dance Hex 16 (100) 9% 3 66-126 Ensorcelled Hibernation Hex/Ice 9 (50) 11% 2 26-66 Fulminant Prism Hex            16 (200)     28%         4    146-246


Dungeon Overview and Level Annotations

Branches:
Dungeon (2/8)

Altars:


Innate Abilities, Weirdness & Mutations

You are very small and have problems with some larger weapons.
You are too small for most types of armour.
You have supernaturally acute eyesight. (+Vis)
You are a herbivore.
You cover ground extremely quickly.
You need to consume almost no food.
Your soft flesh is weak to deep cuts.
Heavy manmade armour will nullify this weakness. (rSlashing-)


Message History

You hit the jelly but do no damage. The acid corrodes you!
Your hands burn (4).
You hit the jelly but do no damage.
The jelly is lightly wounded. (23/25) HP You hit the jelly but do no damage.
Your hands burn (3).
You hit the jelly but do no damage.
The jelly is lightly wounded. (23/25) HP You hit the jelly but do no damage.
Your hands burn (4).
You strike the helpless jelly from behind!
You puncture the jelly (16)!
It resists.
The jelly is severely wounded. (7/25) HP The jelly hits you (1).
You are splashed with acid (8)!
* * * LOW HITPOINT WARNING * * *
You hit the jelly (1).
It resists.
Your hands burn (3).
* * * LOW HITPOINT WARNING * * *
You hit the jelly but do no damage.
The jelly is severely wounded. (6/25) HP The jelly hits you (3).
* * * LOW HITPOINT WARNING * * *
You are splashed with acid (9)!
You die...

≈≈§≈PPP #..######≈...≈.....#
.≈≈§≈PP###≈#≈..≈.#P....≈≈...
P §≈J≈≈.≈..##..≈.###≈≈.≈≈..#
§§≈P≈......#≈###≈##≈≈≈≈≈...
lbPPP.##.#####≈≈P##≈≈≈≈≈...
PPb.K#.##≈≈#<.##P.≈≈≈b≈≈#≈
PPP.≈..##.....#P≈..≈≈≈≈#
P≈≈PP#≈≈##...≈##b#.≈≈≈≈≈#
P≈≈≈P##.#@##≈.≈###≈≈≈;≈≈#
P≈≈P #≈J.≈##.≈P# P≈P≈
#######..## P P #.≈# ##≈# ..
≈#


You could see a jelly (confused).

Vanquished Creatures
  3 giant cockroaches (D:1)
  2 sewer rats (D:1)
  6 cinder newts
  2 dart slugs (D:1)
  7 bats (D:1)
  4 goblins (D:1)
  6 hobgoblins (D:1)
  A bat skeleton (D:2)
  8 kobolds
  8 rats (D:1)
47 creatures vanquished.

Vanquished Creatures (others)
  A kobold (D:2)
  31 withered plants (D:2)
32 creatures vanquished.

Grand Total: 79 creatures vanquished

Notes
Turn   | Place    | Note
-------+----------+-------------------------------------------
     0 | D:1      | xeno23 the Spriggan Enchanter began the quest for the Orb.
     0 | D:1      | Reached XP level 1. HP: 18/18 MP: 5/5
    14 | D:1      | Learned a level 3 spell: Confuse
   227 | D:1      | Reached XP level 2. HP: 23/25 MP: 6/6
   725 | D:1      | Reached XP level 3. HP: 21/31 MP: 0/8
  1153 | D:1      | Reached XP level 4. HP: 33/37 MP: 6/9
  1375 | D:1      | Reached skill level 5 in Stealth
  1844 | D:2      | Learned a level 3 spell: Blinding Spray
  1906 | D:2      | Reached skill level 1 in Fighting
  1906 | D:2      | Reached XP level 5. HP: 40/44 MP: 4/11
  1972 | D:2      | Splashed by a jelly's acid

Illustrated notes

Levels and vault maps discovered:
D:1:      minmay_arrival_stair_chambers, layout_basic,
          kennysheep_decorative_pillar, portal_sewer_entry_c
D:2:      layout_sewer, first_ration, uniq_ijyb

Skill      XL: |  1  2  3  4 |
---------------+-------------+-----
Hexes          | 4 |  4.4
Spellcasting   | 3 |  3.3
Short Blades   | 2 |  2.8
Dodging        | 4 |  4.2
Stealth        | 5 |  5.2
Fighting       | 1 |  1.0

Action                   |  1- 3 |  4- 6 || total
-------------------------+-------+-------++-------
Melee: Dagger            |   109 |    74 ||   183
       Unarmed           |    77 |       ||    77
       Short sword       |    15 |    67 ||    82
 Cast: Confuse           |    12 |    20 ||    32
       Magic Candle      |     3 |       ||     3
  Use: Potion            |       |     1 ||     1
 Stab: Confused          |     9 |     7 ||    16
       Sleeping          |     1 |       ||     1
  Eat: Ration            |       |     1 ||     1
Armor: Robe              |    14 |    10 ||    24
Dodge: Dodged            |    57 |    41 ||    98
